SKY
NEW YORK METS @ PHILADELPHIA PHILLIES
08/29/2052
 
TOP OF THE 1ST
New York Mets batting - Pitching for Philadelphia Phillies : RHP Will Wachter
Pitching: RHP Will Wachter
Batting: LHB Elih Zelaya 0-0: Foul Ball, location: 5SF
0-1: Foul Ball, location: 5FF
0-2: Ball
1-2: Ball
2-2: Strikes out swinging
Batting: RHB Javin Hall 0-0: SINGLE (Groundball, 4D, EV 106.3 MPH)
Batting: LHB Earl Jones 0-0: Ball
1-0: SINGLE (Groundball, 34D, EV 110.0 MPH)
Javin Hall to second
Batting: RHB Tyler McCaughey 0-0: SINGLE (Line Drive, 89M, EV 105.6 MPH)
Javin Hall to third
Earl Jones to second
Batting: SHB Emmanuel González 0-0: Ball
1-0: Fly out, F8 (Flyball, 8RXD, EV 110.0 MPH)
Runner from 3rd tags up, SCORES, no throw by CF
Batting: RHB Jonathan Mitchell 0-0: DOUBLE (Line Drive, 89XD, EV 106.3 MPH)
Earl Jones scores
Tyler McCaughey to third
Batting: LHB Cody Phillips 0-0: Swinging Strike
0-1: Ground out U3 (Groundball, 3, EV 84.4 MPH)
Top of the 1st over - 2 runs, 4 hits, 0 errors, 2 left on base; New York 2 - Philadelphia 0
BOTTOM OF THE 1ST
Philadelphia Phillies batting - Pitching for New York Mets : RHP Colton Parisi
Pitching: RHP Colton Parisi
Batting: LHB Noah Powell 0-0: Ball
1-0: Ball
2-0: Foul Ball, location: 2F
2-1: SINGLE (Line Drive, 78M, EV 90.0 MPH)
Batting: RHB Karter Williams 0-0: Ball
Noah Powell steals 2nd base
1-0: Ball
2-0: Foul Ball, location: 25F
2-1: Foul Ball, location: 5FF
2-2: Foul Ball, location: 23F
2-2: SINGLE (Line Drive, 7LM, EV 104.4 MPH)
Noah Powell to third
Batting: RHB Marty Booz 0-0: Called Strike
Karter Williams steals 2nd base
0-1: Foul Ball, location: 9LDF
0-2: Ground out 4-3 (Groundball, 4, EV 88.8 MPH)
Noah Powell scores
Karter Williams to third
Batting: RHB Josiah Mandel 0-0: Ball
1-0: Foul Ball, location: 5F
1-1: Ball
2-1: Ball
3-1: Base on Balls
Batting: RHB Liam Lyons 0-0: Swinging Strike
0-1: Fielders Choice at 2nd, 6-4 (Groundball, 6, EV 82.5 MPH)
Karter Williams scores
Batting: RHB Marc Simms 0-0: Foul Ball, location: 23F
0-1: Ball
1-1: Foul Ball, location: 2F
1-2: Ball
2-2: Strikes out swinging
Bottom of the 1st over - 2 runs, 2 hits, 0 errors, 1 left on base; New York 2 - Philadelphia 2
TOP OF THE 2ND
New York Mets batting - Pitching for Philadelphia Phillies : RHP Will Wachter
Batting: RHB Jeremy Zimmerman 0-0: SINGLE (Line Drive, 78S, EV 110.6 MPH)
Batting: LHB Enrique Reyna 0-0: Called Strike
0-1: Ball
1-1: Bunted foul
1-2: Ball
2-2: Ball
3-2: Base on Balls
Jeremy Zimmerman to second
Batting: LHB Elih Zelaya 0-0: Ball
1-0: Swinging Strike
1-1: Foul Ball, location: 2F
1-2: DOUBLE (Line Drive, 89M, EV 110.0 MPH)
Jeremy Zimmerman scores
Enrique Reyna to third
Batting: RHB Javin Hall 0-0: Foul Ball, location: 9LSF
0-1: Ball
1-1: Foul Ball, location: 2F
1-2: Strikes out swinging
Batting: LHB Earl Jones 0-0: Called Strike
0-1: DOUBLE (Groundball, 3L, EV 107.5 MPH)
Enrique Reyna scores
Elih Zelaya scores
Batting: RHB Tyler McCaughey 0-0: Called Strike
0-1: Ball
1-1: Ball
2-1: Ball
3-1: Base on Balls
Batting: SHB Emmanuel González 0-0: Called Strike
0-1: Ball
1-1: 3-RUN HOME RUN (Flyball, 89XD, EV 98.1 MPH), Distance : 412 ft
Batting: RHB Jonathan Mitchell 0-0: Ball
1-0: Called Strike
1-1: Called Strike
1-2: Strikes out swinging
Batting: LHB Cody Phillips 0-0: Ball
1-0: Called Strike
1-1: Hit by Pitch
Batting: RHB Jeremy Zimmerman 0-0: Fielders Choice at 2nd, 6-4 (Groundball, 6, EV 94.4 MPH)
Top of the 2nd over - 6 runs, 4 hits, 0 errors, 1 left on base; New York 8 - Philadelphia 2
BOTTOM OF THE 2ND
Philadelphia Phillies batting - Pitching for New York Mets : RHP Colton Parisi
Batting: RHB Gilbert Lee 0-0: Ball
1-0: Ball
2-0: Ball
3-0: Base on Balls
Batting: RHB Ariel Fernández 0-0: Ball
Gilbert Lee steals 2nd base
1-0: Ball
2-0: Called Strike
2-1: Foul Ball, location: 9LDF
2-2: Foul Ball, location: 9LMF
2-2: Strikes out swinging
Batting: SHB Elías Saucedo 0-0: Called Strike
0-1: Foul Ball, location: 7LMF
0-2: Ground out 1-3 (Groundball, 23, EV 66.3 MPH)
Gilbert Lee to third
Batting: LHB Noah Powell 0-0: Ball
1-0: Called Strike
1-1: Ground out 4-3 (Groundball, 4, EV 89.4 MPH)
Bottom of the 2nd over - 0 runs, 0 hits, 0 errors, 1 left on base; New York 8 - Philadelphia 2
TOP OF THE 3RD
New York Mets batting - Pitching for Philadelphia Phillies : RHP Will Wachter
Batting: LHB Enrique Reyna 0-0: Swinging Strike
0-1: Fly out, F3 (Line Drive, 3, EV 76.9 MPH)
Batting: LHB Elih Zelaya 0-0: Called Strike
0-1: Ball
1-1: Ball
2-1: Ball
3-1: TRIPLE (Flyball, 89XD, EV 102.5 MPH)
Batting: RHB Javin Hall 0-0: Ball
1-0: Ball
2-0: Foul Ball, location: 2F
2-1: Swinging Strike
2-2: Foul Ball, location: 3F
2-2: Ball
Wild Pitch!
Elih Zelaya scores
3-2: SINGLE (Groundball, P, EV 82.5 MPH) (infield hit)
Pitching: RHP Ben Williams
Batting: LHB Earl Jones 0-0: Ball
1-0: Called Strike
1-1: Ball
2-1: Ball
3-1: Base on Balls
Javin Hall to second
Batting: RHB Tyler McCaughey 0-0: Ball
1-0: Called Strike
1-1: Called Strike
1-2: Strikes out swinging
Batting: SHB Emmanuel González 0-0: Fly out, F2 (Popup, 2LF, EV 88.8 MPH)
Top of the 3rd over - 1 run, 2 hits, 0 errors, 2 left on base; New York 9 - Philadelphia 2
BOTTOM OF THE 3RD
Philadelphia Phillies batting - Pitching for New York Mets : RHP Colton Parisi
Batting: RHB Karter Williams 0-0: Called Strike
0-1: Foul Ball, location: 2F
0-2: Strikes out swinging, 2-3 out at first.
Batting: RHB Marty Booz 0-0: Foul Ball, location: 7LMF
0-1: Foul Ball, location: 9LDF
0-2: Foul Ball, location: 25F
0-2: Ball
1-2: Foul Ball, location: 25FF
1-2: Foul Ball, location: 2F
1-2: Ball
2-2: Strikes out swinging
Batting: RHB Josiah Mandel 0-0: Foul Ball, location: 2F
0-1: Ball
1-1: Swinging Strike
1-2: Strikes out looking
Bottom of the 3rd over - 0 runs, 0 hits, 0 errors, 0 left on base; New York 9 - Philadelphia 2
TOP OF THE 4TH
New York Mets batting - Pitching for Philadelphia Phillies : RHP Ben Williams
Batting: RHB Jonathan Mitchell 0-0: Fly out, F7 (Flyball, 78D, EV 88.1 MPH)
Batting: LHB Cody Phillips 0-0: Ball
1-0: Fly out, F4 (Popup, 4S, EV 78.1 MPH)
Batting: RHB Jeremy Zimmerman 0-0: Ball
1-0: Fly out, F9 (Flyball, 9S, EV 96.9 MPH)
Top of the 4th over - 0 runs, 0 hits, 0 errors, 0 left on base; New York 9 - Philadelphia 2
BOTTOM OF THE 4TH
Philadelphia Phillies batting - Pitching for New York Mets : RHP Colton Parisi
Batting: RHB Liam Lyons 0-0: Called Strike
0-1: Called Strike
0-2: Foul Ball, location: 2F
0-2: Foul Ball, location: 2F
0-2: Strikes out swinging
Batting: RHB Marc Simms 0-0: Called Strike
0-1: Ball
1-1: Ball
2-1: Ground out 5-3 (Groundball, 56S, EV 101.9 MPH)
Batting: RHB Gilbert Lee 0-0: Foul Ball, location: 2F
0-1: Ground out 5-3 (Groundball, 56, EV 110.0 MPH)
Bottom of the 4th over - 0 runs, 0 hits, 0 errors, 0 left on base; New York 9 - Philadelphia 2
TOP OF THE 5TH
New York Mets batting - Pitching for Philadelphia Phillies : RHP Ben Williams
Batting: LHB Enrique Reyna 0-0: Called Strike
0-1: Ball
1-1: Swinging Strike
1-2: Strikes out swinging
Batting: LHB Elih Zelaya 0-0: Fly out, F9 (Flyball, 9D, EV 75.6 MPH)
Batting: RHB Javin Hall 0-0: Foul Ball, location: 9LSF
0-1: Ball
1-1: Foul Ball, location: 2F
1-2: Ball
2-2: Ball
3-2: Foul Ball, location: 9LMFF
3-2: Foul Ball, location: 2F
3-2: Strikes out swinging
Top of the 5th over - 0 runs, 0 hits, 0 errors, 0 left on base; New York 9 - Philadelphia 2
BOTTOM OF THE 5TH
Philadelphia Phillies batting - Pitching for New York Mets : RHP Colton Parisi
Batting: RHB Ariel Fernández 0-0: Ball
1-0: Ball
2-0: Ball
3-0: Called Strike
3-1: Base on Balls
Batting: SHB Elías Saucedo 0-0: Ball
1-0: Foul Ball, location: 3FF
1-1: Ball
2-1: Fly out, F8 (Flyball, 78M, EV 76.3 MPH)
Batting: LHB Noah Powell 0-0: Fly out, F8 (Flyball, 8RD, EV 81.9 MPH)
Batting: RHB Karter Williams 0-0: Ball
1-0: Ball
2-0: Ball
3-0: Base on Balls
Ariel Fernández to second
Batting: RHB Marty Booz 0-0: Ball
1-0: Ball
2-0: Ball
3-0: Base on Balls
Ariel Fernández to third
Karter Williams to second
Batting: RHB Josiah Mandel 0-0: Called Strike
0-1: Ball
1-1: Called Strike
1-2: Foul Ball, location: 2F
1-2: Strikes out swinging
Bottom of the 5th over - 0 runs, 0 hits, 0 errors, 3 left on base; New York 9 - Philadelphia 2
TOP OF THE 6TH
New York Mets batting - Pitching for Philadelphia Phillies : RHP Ben Williams
Batting: LHB Earl Jones 0-0: Fly out, F6 (Popup, 6M, EV 47.5 MPH)
Batting: RHB Tyler McCaughey 0-0: Foul Ball, location: 23FF
0-1: Swinging Strike
0-2: Ground out 4-3 (Groundball, 4, EV 92.5 MPH)
Batting: SHB Emmanuel González 0-0: Swinging Strike
0-1: Swinging Strike
0-2: Strikes out swinging
Top of the 6th over - 0 runs, 0 hits, 0 errors, 0 left on base; New York 9 - Philadelphia 2
BOTTOM OF THE 6TH
Philadelphia Phillies batting - Pitching for New York Mets : RHP Colton Parisi
Batting: RHB Liam Lyons 0-0: DOUBLE (Line Drive, 7LM, EV 101.9 MPH)
Batting: RHB Marc Simms 0-0: Ball
1-0: Ball
2-0: Swinging Strike
2-1: Ball
3-1: Foul Ball, location: 9LMF
3-2: Foul Ball, location: 23FF
3-2: SINGLE (Line Drive, 9S, EV 104.4 MPH)
Liam Lyons to third
Batting: RHB Gilbert Lee 0-0: Ball
1-0: Fly out, F3 (Popup, 23F, EV 88.8 MPH)
Batting: RHB Ariel Fernández 0-0: Ball
1-0: Foul Ball, location: 9LDF
1-1: SINGLE (Line Drive, 34D, EV 96.3 MPH)
Liam Lyons scores
Marc Simms to second
Runner from 2nd tries for 3rd, SAFE, no throw by RF
Pitching: RHP Zachary Flaherty
Batting: SHB Elías Saucedo 0-0: Swinging Strike
0-1: Ball
1-1: Foul Ball, location: 9LMF
1-2: Ball
2-2: Foul Ball, location: 2F
2-2: Strikes out swinging
Batting: LHB Noah Powell 0-0: Swinging Strike
0-1: Ball
1-1: Foul Ball, location: 5F
1-2: Ball
2-2: Strikes out swinging
Bottom of the 6th over - 1 run, 3 hits, 0 errors, 2 left on base; New York 9 - Philadelphia 3
TOP OF THE 7TH
New York Mets batting - Pitching for Philadelphia Phillies : RHP Ben Williams
Pitching: RHP Derek Livengood
Batting: RHB Jonathan Mitchell 0-0: Called Strike
0-1: Ball
1-1: Swinging Strike
1-2: SOLO HOME RUN (Flyball, 78XD, EV 106.9 MPH), Distance : 421 ft
Batting: LHB Cody Phillips 0-0: Ball
1-0: Foul Ball, location: 3F
1-1: Foul Ball, location: 5DF
1-2: Ball
2-2: Hit by Pitch
Batting: RHB Jeremy Zimmerman 0-0: Ball
1-0: Called Strike
1-1: Fly out, F6 (Line Drive, 56, EV 64.4 MPH)
Batting: LHB Enrique Reyna 0-0: Ball
Cody Phillips steals 2nd base
1-0: Ball
2-0: Called Strike
2-1: Called Strike
Cody Phillips steals 3rd base (no throw)
2-2: Foul Ball, location: 3SF
2-2: Ball
3-2: Foul Ball, location: 23F
3-2: Fly out, F8 (Flyball, 8LM, EV 93.1 MPH)
Runner from 3rd tags up, SCORES, throw by CF
Batting: LHB Elih Zelaya 0-0: Fly out, F4 (Line Drive, 4, EV 71.3 MPH)
Top of the 7th over - 2 runs, 1 hit, 0 errors, 0 left on base; New York 11 - Philadelphia 3
BOTTOM OF THE 7TH
Philadelphia Phillies batting - Pitching for New York Mets : RHP Zachary Flaherty
Batting: RHB Karter Williams 0-0: Ball
1-0: Foul Ball, location: 3DF
1-1: Foul Ball, location: 9LSF
1-2: Fly out, F6 (Popup, P, EV 88.1 MPH)
Batting: RHB Marty Booz 0-0: Swinging Strike
0-1: Swinging Strike
0-2: Ball
1-2: Ball
2-2: Strikes out looking
Batting: RHB Josiah Mandel 0-0: Ball
1-0: Called Strike
1-1: Swinging Strike
1-2: Strikes out swinging
Bottom of the 7th over - 0 runs, 0 hits, 0 errors, 0 left on base; New York 11 - Philadelphia 3
TOP OF THE 8TH
New York Mets batting - Pitching for Philadelphia Phillies : RHP Derek Livengood
Pitching: RHP Grant Thomas
Batting: RHB Javin Hall 0-0: Called Strike
0-1: Fly out, F7 (Line Drive, 78M, EV 98.1 MPH)
Batting: LHB Earl Jones 0-0: Ball
1-0: Ground out U3 (Groundball, 3L, EV 86.9 MPH)
Batting: RHB Tyler McCaughey 0-0: Ball
1-0: Ball
2-0: Called Strike
2-1: Swinging Strike
2-2: Strikes out looking
Top of the 8th over - 0 runs, 0 hits, 0 errors, 0 left on base; New York 11 - Philadelphia 3
BOTTOM OF THE 8TH
Philadelphia Phillies batting - Pitching for New York Mets : RHP Zachary Flaherty
Batting: RHB Liam Lyons 0-0: Called Strike
0-1: Ball
1-1: Ball
2-1: Ball
3-1: Base on Balls
Batting: RHB Marc Simms 0-0: Ball
1-0: Swinging Strike
1-1: Grounds into double play, 6-4-3 (Groundball, 6, EV 104.4 MPH)
Batting: RHB Gilbert Lee 0-0: Swinging Strike
0-1: Foul Ball, location: 5F
0-2: Strikes out looking
Bottom of the 8th over - 0 runs, 0 hits, 0 errors, 0 left on base; New York 11 - Philadelphia 3
TOP OF THE 9TH
New York Mets batting - Pitching for Philadelphia Phillies : RHP Grant Thomas
Batting: SHB Emmanuel González 0-0: Ball
1-0: Swinging Strike
1-1: Called Strike
1-2: Foul Ball, location: 7LMF
1-2: Ball
2-2: SINGLE (Groundball, 4D, EV 108.1 MPH)
Batting: RHB Jonathan Mitchell 0-0: Ball
1-0: Called Strike
1-1: Ball
2-1: Fly out, F9 (Flyball, 9, EV 96.9 MPH)
Batting: LHB Cody Phillips 0-0: Called Strike
0-1: Called Strike
0-2: Foul Ball, location: 2F
0-2: Foul Ball, location: 2F
0-2: Ball
1-2: Strikes out looking
Batting: RHB Jeremy Zimmerman 0-0: Fielders Choice at 2nd, 5-4 (Groundball, 5L, EV 82.5 MPH)
Top of the 9th over - 0 runs, 1 hit, 0 errors, 1 left on base; New York 11 - Philadelphia 3
BOTTOM OF THE 9TH
Philadelphia Phillies batting - Pitching for New York Mets : RHP Zachary Flaherty
Batting: RHB Ariel Fernández 0-0: Called Strike
0-1: Ball
1-1: Swinging Strike
1-2: Ball
2-2: Fly out, F8 (Flyball, 78D, EV 95.6 MPH)
Batting: SHB Elías Saucedo 0-0: SINGLE (Line Drive, 34D, EV 100.0 MPH)
Batting: LHB Noah Powell 0-0: Ball
1-0: Swinging Strike
1-1: Ball
2-1: Ball
3-1: Base on Balls
Elías Saucedo to second
Batting: RHB Karter Williams 0-0: Called Strike
0-1: Called Strike
0-2: Foul Ball, location: 5F
0-2: SINGLE (Groundball, P, EV 85.6 MPH) (infield hit)
Elías Saucedo to third
Noah Powell to second
Batting: RHB Marty Booz 0-0: Called Strike
0-1: Ball
1-1: Swinging Strike
1-2: SINGLE (Flyball, 8LS, EV 81.3 MPH)
Elías Saucedo scores
Noah Powell to third
Karter Williams to second
Pitching: RHP Ethan Ponzio
Batting: RHB Josiah Mandel 0-0: Grounds into fielders choice 1-2 (Groundball, 13S, EV 66.3 MPH)
Karter Williams to third
Marty Booz to second
Batting: RHB Liam Lyons 0-0: SINGLE (Groundball, 34S, EV 73.1 MPH) (infield hit)
Karter Williams scores
Marty Booz to third
Josiah Mandel to second
Batting: RHB Marc Simms 0-0: Ball
1-0: Ball
2-0: Called Strike
2-1: Swinging Strike
2-2: Ground out 5-3 (Groundball, 56, EV 101.3 MPH)
Bottom of the 9th over - 2 runs, 4 hits, 0 errors, 3 left on base; New York 11 - Philadelphia 5
Sunday, May 5th , 2024 - OOTP Baseball 24.11 Build 85